 Dungeon Crawl Stone Soup version 0.23-a0-180-ga5275e7ff7 (webtiles) character file.

490 Ablot the Charmwright (level 7, -6/56 HPs)
             Began as a Gnoll Skald on Sept 18, 2018.
             Mangled by an orc warrior
             ... wielding a +0 long sword
              (18 damage)
             ... on level 4 of the Dungeon.
             The game lasted 00:06:35 (3716 turns).

Ablot the Charmwright (Gnoll Skald)                 Turns: 3716, Time: 00:06:36

Health: -6/56      AC:  4    Str: 15    XL:     7   Next: 14%
Magic:  8/15       EV: 14    Int: 15    God:
Gold:   237        SH:  0    Dex: 15    Spells: 3/17 levels left

rFire    . . .     SeeInvis .   a - +0 spear
rCold    . . .     Gourm    .   (no shield)
rNeg     . . .     Faith    .   b - +0 leather armour
rPois    .         Spirit   .   (no helmet)
rElec    .         Reflect  .   (no cloak)
rCorr    .         Harm     .   (no gloves)
MR       .....                  q - +0 pair of boots
Stlth    ++........             (no amulet)
HPRegen  0.18/turn              w - ring of flight
MPRegen  0.14/turn              (no ring)

@: very slightly contaminated
A: distributed training, fangs 1, strong nose
a: Evoke Flight


You were on level 4 of the Dungeon.
You were not hungry.

You visited 1 branch of the dungeon, and saw 5 of its levels.

You collected 237 gold pieces.

Inventory:

Hand Weapons
 a - a +0 spear (weapon)
 e - a +2 short sword of electrocution
Missiles
 f - 120 stones (quivered)
 i - 32 sling bullets
 p - 43 arrows
 v - a throwing net
 x - 50 bolts
 y - 8 poisoned needles
Armour
 b - a +0 leather armour (worn)
 l - a +0 buckler
 q - a +0 pair of boots (worn)
Magical Staves
 s - an uncursed staff of fire
Jewellery
 w - a ring of flight (left hand)
Scrolls
 g - a scroll of teleportation {unknown}
 h - a scroll of random uselessness {unknown}
 j - 7 scrolls of identify {unknown}
 n - a scroll of fear {unknown}
 r - 2 scrolls of remove curse {unknown}
Potions
 c - 5 potions of curing
 k - 4 potions of lignification {unknown}
 m - a potion of brilliance {unknown}
 o - 2 potions of flight {unknown}
 t - 2 potions of invisibility {unknown}
 u - a potion of haste {unknown}
 z - 2 potions of heal wounds {unknown}
 B - a potion of agility {unknown}
Comestibles
 d - 5 rations


   Skills:
 + Level 5.1 Fighting
 + Level 2.2 Short Blades
 + Level 2.2 Long Blades
 + Level 2.2 Axes
 + Level 2.2 Maces & Flails
 + Level 5.1 Polearms
 + Level 2.2 Staves
 + Level 2.2 Slings
 + Level 2.2 Bows
 + Level 2.2 Crossbows
 + Level 2.2 Throwing
 + Level 3.4 Armour
 + Level 5.1 Dodging
 + Level 2.2 Stealth
 + Level 2.2 Shields
 + Level 2.2 Unarmed Combat
 + Level 5.5 Spellcasting
 + Level 1.8 Conjurations
 + Level 1.8 Hexes
 + Level 5.7 Charms
 + Level 1.8 Summonings
 + Level 1.8 Necromancy
 + Level 1.8 Translocations
 + Level 1.8 Transmutations
 + Level 1.8 Fire Magic
 + Level 1.8 Ice Magic
 + Level 1.8 Air Magic
 + Level 1.8 Earth Magic
 + Level 1.8 Poison Magic
 + Level 2.5 Invocations
 + Level 2.2 Evocations


You had 3 spell levels left.
You knew the following spells:

 Your Spells              Type           Power        Failure   Level  Hunger
a - Infusion              Chrm           ###.         1%          1    None
b - Song of Slaying       Chrm           ###.....     2%          2    #......
c - Shroud of Golubria    Chrm/Tloc      ###.......   6%          2    #......
d - Regeneration          Chrm/Necr      ###.......   12%         3    ###....
e - Spectral Weapon       Hex/Chrm       ###.....     12%         3    ###....
f - Dazzling Spray        Conj/Hex       #.....       26%         3    ###....

Your spell library contained the following spells:

 Spells                   Type           Power        Failure   Level  Hunger
 Corona                   Hex            #......      9%          1    None
 Ensorcelled Hibernation  Hex/Ice        #.....       14%         2    #......
 Confuse                  Hex            #.......     26%         3    ###....
 Tukima's Dance           Hex            #.......     26%         3    ###....


Dungeon Overview and Level Annotations

Branches:
Dungeon (5/15)
 Temple: D:4-7

Altars:
Hepliaklqana
Yredelemnul

Annotations:
D:4 2 runed doors, P0WERM0DE's ghost, amateur DDFi


Innate Abilities, Weirdness & Mutations

Your experience applies equally to all skills.
You have very sharp teeth.
Your uncanny sense of smell can sniff out nearby items.


Message History

The orc wizard hits you but does no damage.
You miss the orc wizard.
You bite the orc wizard, but do no damage.
The orc wizard is almost dead.
The orc wizard gestures at you while chanting.
The magic dart hits you!
The orc warrior hits you with a long sword.
* * * LOW HITPOINT WARNING * * *
You hit the orc wizard but do no damage.
The orc wizard is almost dead.
The orc wizard closely misses you.
Unknown command.
You hit the orc wizard.
You kill the orc wizard!
Your song has ended.
The orc warrior misses you.
Unknown command.
Unknown command.
The orc warrior hits you with a long sword!!
You die...

#.# #.######## ## #.#
#.# .# #.######.# .#
#.#......# .#
#.#.###########
.###.............#
...............>.#
........#######o.#
###.....# ##.@#######
........#### #.........#
###........# #.........#
#....P.P.# #.........#
#....._..###.........#
###..P.P..##.........#
#.......##.........#
#####.##.##.##.........#
.......................#


You could see an orc warrior.

Vanquished Creatures
  An orc warrior (D:3)
  An ogre (D:4)
  2 hounds (D:4)
  An orc wizard (D:4)
  An orc priest (D:3)
  A centaur skeleton (D:4)
  A worker ant (D:4)
  5 adders
  A worm (D:2)
  2 dart slugs
  11 orcs (D:3)
  A ball python (D:3)
  A giant cockroach (D:3)
  15 goblins
  7 hobgoblins
  7 jackals
  A quokka (D:3)
  A ball python skeleton (D:4)
  4 bats
  5 frilled lizards
  7 kobolds
  12 rats
88 creatures vanquished.

Vanquished Creatures (others)
  A spectral weapon (D:5)
1 creature vanquished.

Grand Total: 89 creatures vanquished

Notes
Turn   | Place    | Note
-------+----------+-------------------------------------------
     0 | D:1      | Ablot the Gnoll Skald began the quest for the Orb.
     0 | D:1      | Reached XP level 1. HP: 20/20 MP: 6/6
   192 | D:1      | Reached XP level 2. HP: 23/26 MP: 7/7
   386 | D:1      | Learned a level 2 spell: Song of Slaying
   389 | D:1      | Learned a level 2 spell: Shroud of Golubria
   884 | D:2      | Reached XP level 3. HP: 29/31 MP: 9/9
   890 | D:2      | Reached skill level 5 in Spellcasting
   918 | D:2      | Learned a level 3 spell: Regeneration
   922 | D:2      | Learned a level 3 spell: Spectral Weapon
  1149 | D:2      | Reached skill level 1 in Invocations
  1250 | D:2      | Reached skill level 1 in Short Blades
  1250 | D:2      | Reached skill level 1 in Long Blades
  1250 | D:2      | Reached skill level 1 in Axes
  1250 | D:2      | Reached skill level 1 in Maces & Flails
  1250 | D:2      | Reached skill level 1 in Staves
  1250 | D:2      | Reached skill level 1 in Slings
  1250 | D:2      | Reached skill level 1 in Bows
  1250 | D:2      | Reached skill level 1 in Crossbows
  1250 | D:2      | Reached skill level 1 in Throwing
  1250 | D:2      | Reached skill level 1 in Stealth
  1250 | D:2      | Reached skill level 1 in Shields
  1250 | D:2      | Reached skill level 1 in Unarmed Combat
  1250 | D:2      | Reached skill level 1 in Evocations
  1250 | D:2      | Reached XP level 4. HP: 32/38 MP: 8/11
  1652 | D:3      | Found a hazy altar of Hepliaklqana.
  1670 | D:3      | Noticed an orc warrior
  1804 | D:3      | Killed an orc warrior
  1804 | D:3      | Reached skill level 1 in Conjurations
  1804 | D:3      | Reached skill level 1 in Hexes
  1804 | D:3      | Reached skill level 1 in Summonings
  1804 | D:3      | Reached skill level 1 in Necromancy
  1804 | D:3      | Reached skill level 1 in Translocations
  1804 | D:3      | Reached skill level 1 in Transmutations
  1804 | D:3      | Reached skill level 1 in Fire Magic
  1804 | D:3      | Reached skill level 1 in Ice Magic
  1804 | D:3      | Reached skill level 1 in Air Magic
  1804 | D:3      | Reached skill level 1 in Earth Magic
  1804 | D:3      | Reached skill level 1 in Poison Magic
  1804 | D:3      | Reached XP level 5. HP: 18/43 MP: 0/12
  2156 | D:3      | Reached XP level 6. HP: 44/50 MP: 8/13
  2480 | D:4      | Found a basalt altar of Yredelemnul.
  2608 | D:4      | Found a runed door.
  2750 | D:4      | Reached skill level 5 in Fighting
  2750 | D:4      | Reached skill level 5 in Polearms
  2750 | D:4      | Reached skill level 5 in Dodging
  2825 | D:4      | Found a runed door.
  2828 | D:4      | Noticed P0WERM0DE's ghost (amateur DDFi)
  3067 | D:4      | Reached XP level 7. HP: 54/56 MP: 12/15
  3168 | D:4      | Learned a level 3 spell: Dazzling Spray
  3341 | D:5      | Entered Level 5 of the Dungeon
  3716 | D:4      | Mangled by an orc warrior

Vault maps used:
D:1:      dpeg_arrival_lava_altar, serial_bayou, serial_bayou_shore_a,
          serial_bayou_pond_a, serial_bayou_crossing, serial_bayou_lake_a
D:2:      due_unseen_surprise
D:3:      overflow_temple_1_default
D:4:      cheibrodos_greedy_goblins, yredelemnul_altar_generic,
          ebering_ghost_sewer_f
D:5:      nicolae_overflow_quartered_altars, minmay_temple_entry_hall,
          first_ration, lightli_sewer_entry_pipes, eino_curves_01,
          minmay_strange_pillars

Skill      XL: |  1  2  3  4  5  6 |
---------------+-------------------+-----
Spellcasting   | 5 |  5.5
Invocations    | 1 2 |  2.5
Short Blades   | 1 2 |  2.2
Long Blades    | 1 2 |  2.2
Axes           | 1 2 |  2.2
Maces & Flails | 1 2 |  2.2
Staves         | 1 2 |  2.2
Slings         | 1 2 |  2.2
Bows           | 1 2 |  2.2
Crossbows      | 1 2 |  2.2
Throwing       | 1 2 |  2.2
Stealth        | 1 2 |  2.2
Shields        | 1 2 |  2.2
Unarmed Combat | 1 2 |  2.2
Evocations     | 1 2 |  2.2
Armour         | 3 |  3.4
Conjurations   | 1 |  1.8
Hexes          | 1 |  1.8
Summonings     | 1 |  1.8
Necromancy     | 1 |  1.8
Translocations | 1 |  1.8
Transmutations | 1 |  1.8
Fire Magic     | 1 |  1.8
Ice Magic      | 1 |  1.8
Air Magic      | 1 |  1.8
Earth Magic    | 1 |  1.8
Poison Magic   | 1 |  1.8
Fighting       | 5 |  5.1
Polearms       | 5 |  5.1
Dodging        | 5 |  5.1
Charms         | |  5.7

Action                   |  1- 3 |  4- 6 |  7- 9 || total
-------------------------+-------+-------+-------++-------
Melee: Spear             |   154 |   223 |    28 ||   405
       Bite              |    12 |    26 |     5 ||    43
 Cast: Regeneration      |     3 |     5 |     2 ||    10
       Shroud of Golubri |     3 |     7 |     4 ||    14
       Spectral Weapon   |       |     6 |     3 ||     9
       Song of Slaying   |       |     3 |     1 ||     4
  Use: Potion            |       |     1 |       ||     1
 Stab: Sleeping          |     1 |     5 |       ||     6
  Eat: Chunk             |     2 |     7 |     3 ||    12
Armor: Leather armour    |    22 |    39 |     9 ||    70
Dodge: Dodged            |    64 |   131 |    12 ||   207

Table legend:
 A = Non-vault XP
 B = Vault XP
 C = Vault XP percentage of total XP
 D = Non-vault monster count
 E = Vault monster count
 F = Vault count percentage of total count
                 A         B        C        D         E       F
            +---------+---------+-------+---------+---------+-------
      Total |     678 |      22 |   3.1 |      77 |      11 |  12.5
            +---------+---------+-------+---------+---------+-------
        D:1 |      25 |       0 |   0.0 |      16 |       0 |   0.0
        D:2 |      72 |       0 |   0.0 |      21 |       0 |   0.0
        D:3 |     233 |       0 |   0.0 |      30 |       0 |   0.0
        D:4 |     335 |      22 |   6.2 |       9 |      11 |  55.0
        D:5 |      13 |       0 |   0.0 |       1 |       0 |   0.0
            +---------+---------+-------+---------+---------+-------
